 Dungeon Crawl Stone Soup version 0.30-a0-924-g0ad0bf95bc (webtiles) character file.

Game seed: 6560117980512295235

186 Firecrotchwizard the Magician (level 5, 0/40 HPs)
             Began as a Djinni Fire Elementalist on Mar 23, 2023.
             Slain by an orc
             ... wielding a +0 trident
              (2 damage)
             ... on level 4 of the Dungeon.
             The game lasted 00:05:04 (2268 turns).

Firecrotchwizard the Magician (DjFE)                Turns: 2268, Time: 00:05:05

Health: 0/40       AC:  4    Str:  7    XL:     5   Next: 98%
Gold:   161        EV: 14    Int: 18    God:
                   SH:  0    Dex: 26

rFire   + + .      SeeInvis .    e - +0 rapier
rCold   x . .      Faith    .    (no shield)
rNeg    . . .      Spirit   .    a - +0 robe
rPois   ∞          Reflect  .    b - +1 helmet
rElec   .          Rampage  .    (no cloak)
rCorr   .                        (no gloves)
Will    .....                    (boots unavailable)
Stlth   +++                      (no amulet)
HPRegen 0.26/turn                t - +6 ring of dexterity
MPRegen 0.00/turn                u - +6 ring of dexterity

@: flying, very slightly contaminated
A: sickness immunity, fire resistance 2, cold vulnerability 1, float, innate
caster, HP casting, extra vitality 1
a: no special abilities


You were on level 4 of the Dungeon.
You visited 1 branch of the dungeon, and saw 4 of its levels.

You collected 161 gold pieces.

Inventory:

Hand Weapons
 d - a +0 whip
   (You found it on level 1 of the Dungeon)
 e - a +0 rapier (weapon)
   (You found it on level 1 of the Dungeon)
 r - a +2 long sword of holy wrath
   (You found it on level 3 of the Dungeon)
Missiles
 j - 3 atropa-tipped darts
 k - 5 boomerangs
 s - 22 stones (quivered)
Armour
 a - a +0 robe (worn)
 b - a +1 helmet (worn)
   (You found it on level 1 of the Dungeon)
Jewellery
 t - a +6 ring of dexterity (left hand)
   (You found it on level 3 of the Dungeon)
 u - a +6 ring of dexterity (right hand)
   (You found it on level 3 of the Dungeon)
Wands
 h - a wand of acid (13)
   (You found it on level 2 of the Dungeon)
Scrolls
 c - 3 scrolls of identify {@r1}
 f - a scroll of fog
 l - a scroll of enchant armour
Potions
 g - a potion of resistance {unknown}
 i - a potion of attraction {unknown}
 n - a potion of curing {unknown}
 o - a potion of degeneration {unknown}
 q - a potion of invisibility {unknown}
 w - a potion of flight {unknown}
 P - 2 potions of lignification {!q}


   Skills:
 + Level 3.0 Fighting
 - Level 2.6 Dodging
 - Level 2.0 Stealth
 + Level 3.6 Spellcasting


You knew the following spells:

 Your Spells              Type           Power      Damage    Failure   Level
a - Foxfire               Conj/Fire      64%        2x1d7     3%          1
b - Scorch                Fire           32%        2d6       4%          2
c - Kindle Blastsparks    Fire/Tloc/Air  32%        2d12      10%         3
d - Inner Flame           Hex/Fire       16%        N/A       10%         3
e - Flame Wave            Conj/Fire      16%        2d7       32%         4
f - Beastly Appendage     Tmut           32%        N/A       3%          1
g - Lesser Beckoning      Tloc           32%        N/A       4%          2
Your spell library was empty.

Dungeon Overview and Level Annotations

Branches:
Dungeon (4/15)
 Temple: D:4-7

Altars:


Innate Abilities, Weirdness & Mutations

You are immune to sickness and miasma.
You are immune to poison.
Your flesh is very heat resistant. (rF++)
You are vulnerable to cold. (rC-)
You float through the air rather than walking.
You learn spells naturally, not from books.
Your magical power is your life essence.
You have superior vitality. (+4 MHP)


Message History

There is a stone staircase leading down here.
You fly downwards.
You hear the sound of rushing water.
There is an entrance to a sewer on this level.
Hurry and find it before the portal rusts away!
There is a stone staircase leading up here.
A kobold comes into view. It is wielding a +0 club.
You throw a stone.
The stone hits the kobold but does no damage.
The kobold shouts!
You hear a shout!
You barely miss the kobold. The kobold hits you with a +0 club.
The kobold barely misses you.
You take 2 damage, and have 38/40 hp.
You closely miss the kobold. The kobold hits you but does no damage.
You closely miss the kobold.
You hear the slow rusting of a distant drain.
A kobold comes into view. It is wielding a +0 short sword.
The kobold misses you.
You puncture the kobold!
You kill the kobold!
You barely miss the kobold. The kobold hits you but does no damage.
You hit the kobold.
You kill the kobold!
No target in view!
s - 19 stones (gained 1)
Things that are here:
a +0 short sword; a +0 club; a kobold corpse A kobold comes into view.
It is wielding a +0 club.
Health restored: 40 The kobold shouts!
You barely miss the kobold. The kobold hits you with a +0 club.
You take 2 damage, and have 38/40 hp.
You puncture the kobold!
You kill the kobold!
s - 22 stones (gained 3)
You see here a +0 club.
You hear the slow rusting of a distant drain.
l - a scroll of enchant armour Health restored: 40 A goblin comes into view.
It is wielding a +0 club. 2 orcs and 2 orc priests come into view.
The orc priest shouts!
The orc shouts!
The orc priest moves out of view.
The orc priest shouts!
The orc shouts!
You conjure some foxfire!
The foxfire hits the goblin.
You conjure some foxfire!
The orc priest looks satisfied for a moment.
The goblin barely misses you.
You take 1 damage, and have 39/40 hp.
The foxfire hits the goblin!
You kill the goblin!
Health restored: 40 You conjure some foxfire!
You take 1 damage, and have 39/40 hp.
The foxfire hits the orc but does no damage.
The foxfire hits the orc.
You conjure some foxfire!
You conjure some foxfire!
The foxfire hits the orc priest but does no damage.
The foxfire hits the orc but does no damage.
The orc misses you. The orc closely misses your foxfire.
You take 1 damage, and have 38/40 hp.
Flames lash the orc.
The orc's fire resistance burns away.
The foxfire hits the orc but does no damage.
The foxfire hits the orc priest but does no damage.
The orc closely misses you.
The orc priest hits you with a +0 dagger.
You take 6 damage, and have 32/40 hp.
You conjure some foxfire!
The orc hits you from afar with a +0 trident.
The orc priest barely misses you. The orc closely misses you.
You take 6 damage, and have 26/40 hp.
Flames lash the orc priest.
The orc priest's fire resistance burns away.
The orc is no longer more vulnerable to fire.
The foxfire hits the orc priest.
The foxfire hits the orc priest but does no damage.
The orc hits you from afar with a +0 trident.
The orc priest hits you with a +0 dagger.
The orc misses you.
You take 8 damage, and have 18/40 hp.
You conjure some foxfire!
The orc priest looks encouraged for a moment.
The orc hits you but does no damage. The orc completely misses you.
The orc barely misses your foxfire.
You take 1 damage, and have 17/40 hp.
You miscast Scorch.
You are very lightly contaminated with residual magic.
Nothing appears to happen.
The foxfire hits the orc priest.
The foxfire hits the orc.
The orc barely misses you. The orc priest barely misses you.
The orc hits you but does no damage.
The orc priest invokes the aid of Beogh against you.
Beogh smites you!
* * * LOW HITPOINT WARNING * * *
You take 15 damage, and have 2/40 hp.
MASSIVE DAMAGE!!
You puncture the orc priest!
You kill the orc priest!
The orc hits you from afar with a +0 trident.
You die...

......o #.### #.....#####
....... #...####.#.#......
...)... #.#.##...#.......#
.....o. #....#.#########.#
.....o. #..#.....##### #.##
......o####..#...#.....###..#
.......).##...##.#...#)......
####.###.##.).....##.#...#.##
#.oo.@..#......##.#...
####.o..#...#......##.
#.....##.#...#.....
##.......###.#...##
##.###.#......##.#
#......#...#.....##
#....###^..##.#...#### ##..#
#.......##.# ## #..
#..#.#.....# #.


You could see an orc priest (combustible) and 2 orcs.

Vanquished Creatures
  A black bear (D:3)
  An orc priest (D:4)
  3 adders
  2 worms (D:2)
  3 dart slugs (D:1)
  3 orcs (D:3)
  5 endoplasms
  3 giant cockroaches
  10 goblins
  4 hobgoblins
  2 quokkas (D:2)
  2 ball pythons
  2 bats
  2 frilled lizards
  7 kobolds
  9 rats
59 creatures vanquished.

Vanquished Creatures (others)
  145 foxfires
145 creatures vanquished.

Grand Total: 204 creatures vanquished

Notes
Turn   | Place    | Note
-------+----------+-------------------------------------------
     0 | D:1      | Firecrotchwizard the Djinni Fire Elementalist began the
                  | quest for the Orb.
     0 | D:1      | Firecrotchwizard set off with the following spells
                  | memorised: Foxfire, Scorch, Kindle Blastsparks, Inner
                  | Flame, Flame Wave.
     0 | D:1      | Reached XP level 1. HP: 15/15 MP: 0/0
   140 | D:1      | Found a faded altar of an unknown god.
   207 | D:1      | Reached XP level 2. HP: 15/21 MP: 0/0
   278 | D:1      | Reached skill level 2 in Stealth
   559 | D:1      | Reached XP level 3. HP: 24/25 MP: 0/0
   559 | D:1      | Learned a level 1 spell: Beastly Appendage
  1166 | D:2      | Reached skill level 1 in Fighting
  1190 | D:2      | Reached skill level 3 in Spellcasting
  1190 | D:2      | Reached XP level 4. HP: 29/32 MP: 0/0
  1632 | D:3      | Noticed a black bear
  1638 | D:3      | Killed a black bear
  1639 | D:3      | Reached skill level 2 in Fighting
  1639 | D:3      | Reached XP level 5. HP: 35/39 MP: 0/0
  1639 | D:3      | Learned a level 2 spell: Lesser Beckoning
  1930 | D:3      | Reached skill level 3 in Fighting
  2267 | D:4      | HP: 2/40 [orc priest/divine providence (13)]
  2268 | D:4      | Slain by an orc

Illustrated notes

Levels and vault maps discovered:
D:1:      eino_arrival_cavern_a, layout_loops_ring,
          hellmonk_ecumenical_altar_zigzags, dk_noncrumbling_2
D:2:      layout_loops_ring
D:3:      layout_rooms, minmay_fountain_box
D:4:      layout_rooms, mainiacjoe_overflow_brackets, lemuel_tele_altar,
          gup_sewer_entry_bowl, hangedman_decor_points, st_stairs_1,
          uniq_menkaure

Skill      XL: |  1  2  3  4  5 |
---------------+----------------+-----
Stealth        | 2 |  2.0
Fighting       | 1 2 3 |  3.0
Spellcasting   | 3 |  3.6
Dodging        | |  2.6

Action                     |  1- 3 |  4- 6 || total
---------------------------+-------+-------++-------
  Melee: Rapier            |    35 |    17 ||    52
  Throw: Stone             |       |     5 ||     5
   Cast: Foxfire           |    27 |    59 ||    86
         Scorch            |     4 |     3 ||     7
    Use: Scroll            |       |     5 ||     5
   Stab: Sleeping          |     4 |       ||     4
 Armour: Robe              |    11 |     5 ||    16
  Dodge: Dodged            |    27 |    16 ||    43

Table legend: (Time is in decaauts)
 A = Elapsed time spent in this place.
 B = Non-inter-level travel time spent in this place.
 C = Inter-level travel time spent in this place.
 D = Time resting spent in this place.
 E = Time spent auto-exploring this place.
 F = Levels seen in this place.
 G = Mean time per level.
                   A        B        C        D        E       F      G
               +--------+--------+--------+--------+--------+-----+--------+
         Total |   2276 |   2180 |     96 |    119 |   1660 |   4 |  569.0 |
       Dungeon |   2276 |   2180 |     96 |    119 |   1660 |   4 |  569.0 |
               +--------+--------+--------+--------+--------+-----+--------+

Top non-repeatable levels by time:
     D:1: 810 daAuts
     D:2: 788 daAuts
     D:3: 556 daAuts
     D:4: 121 daAuts

Table legend:
 A = Kills in this place as a percentage of kills in the entire game.
 B = Kills by you in this place as a percentage of kills by you in the entire game.
 C = Kills by friends in this place as a percentage of kills by friends in the entire game.
 D = Other kills in this place as a percentage of other kills in the entire game.
 E = Experience gained in this place as a percentage of experience gained in the entire game.
 F = Experience gained in this place divided by the number of levels of this place that you have seen.
                   A       B       C       D       E      F
               +-------+-------+-------+-------+-------+----------------------
         Total | 100.0 | 100.0 |   N/A |   N/A | 100.0 |  77.0
       Dungeon | 100.0 | 100.0 |   N/A |   N/A | 100.0 |  77.0
               +-------+-------+-------+-------+-------+----------------------
